 Dungeon Crawl Stone Soup version 0.32-a0-818-gb728d0252e (webtiles) character file.

Game seed: 4144707758514648944

7052 Sabo the Protected (level 11, 0/72 HPs)
             Began as a Coglin Artificer on Mar 23, 2024.
             Was a High Priest of Hepliaklqana.
             Constricted to death by Erica (1 damage)
             ... on level 9 of the Dungeon.
             The game lasted 01:01:37 (12101 turns).

Sabo the Protected (Coglin Artificer)              Turns: 12101, Time: 01:01:38

Health: 0/72       AC: 14    Str: 18    XL:     11   Next: 9%
Magic:  11/11      EV:  1    Int: 10    God:    Hepliaklqana [*****.]
Gold:   546        SH:  0    Dex: 14    Spells: 10/10 levels left

rFire   . . .        M - +2 trident (freeze) {Oskar}
rCold   + + .        H - +5 short sword (speed) {Eustáquio}
rNeg    . . .        k - +3 ring mail {rC+}
rPois   .            y - +0 helmet of Yredelemnul's Hope {-Cast Rampage rC+ rCorr}
rElec   .            b - +0 cloak
rCorr   +            (no gloves)
SInv    .            j - +0 pair of boots
Will    .....        (amulet unavailable)
Stlth   ++           (ring unavailable)
HPRegen 0.32/turn    (ring unavailable)
MPRegen 0.12/turn    (no gizmo)

%: no spellcasting, rampage
@: constricted, revved
A: reduced essence, off-hand wielding, slow wielding, warmup strikes, no
jewellery
a: Invent Gizmo, Renounce Religion, Recall Ancestor, Ancestor Identity,
Transference, Idealise


You were on level 9 of the Dungeon.
You worshipped Hepliaklqana.
Hepliaklqana was extremely pleased with you.
You visited 1 branch of the dungeon, and saw 9 of its levels.
You also visited: Sewer.

You collected 761 gold pieces.
You spent 215 gold pieces at shops.

Inventory:

Hand Weapons
 g - a +3 dagger {Sextus}
 s - a +0 orcbow
 t - a +2 dagger of venom {Agathoclea}
 E - a +4 quarterstaff of chaos
 F - a +0 hammer of protection
 H - a +5 short sword of speed (offhand) {Eustáquio}
 J - a +0 war axe
 M - a +2 trident of freezing (weapon) {Oskar}
Missiles
 v - 7 boomerangs
 x - 13 poisoned darts
 A - 8 atropa-tipped darts
 B - 8 javelins
 I - 3 silver javelins
Armour
 b - a +0 cloak (worn)
 h - a +0 helmet
 j - a +0 pair of boots (worn)
 k - a +3 ring mail of cold resistance (worn)
 y - the +0 helmet of Yredelemnul's Hope (worn) {-Cast Rampage rC+ rCorr}
   (You bought it in a shop on level 6 of the Dungeon)

   rC+:       It protects you from cold.
   -Cast:     It prevents spellcasting.
   rCorr:     It protects you from acid and corrosion.
   Rampage:   It bestows one free step when moving towards enemies.
Wands
 c - a wand of flame (15) (quivered)
 d - a wand of charming (34)
 e - a wand of iceblast (1)
 D - a wand of polymorph (12)
Scrolls
 i - 3 scrolls of revelation
 l - 2 scrolls of poison
 o - 4 scrolls of teleportation
 r - 3 scrolls of fear
 w - 3 scrolls of blinking
 z - 5 scrolls of fog
Potions
 a - a potion of might {unknown}
 f - a potion of invisibility {unknown}
 m - 2 potions of curing
 n - 2 potions of heal wounds
 p - 3 potions of resistance {unknown}
 q - 3 potions of lignification {unknown}
 u - a potion of berserk rage {unknown}
 C - 3 potions of degeneration {unknown}
 G - 3 potions of haste {unknown}
 K - a potion of enlightenment {unknown}
 L - a potion of mutation {unknown}


   Skills:
 + Level 5.5 Fighting
 + Level 8.7 Short Blades
 + Level 1.8 Maces & Flails
 + Level 1.1 Polearms
 + Level 8.9 Armour
 + Level 4.3 Dodging
 + Level 5.1 Stealth
 + Level 5.1 Evocations


You had 10 spell levels left.
You didn't know any spells.
Your spell library contained the following spells:

 Spells                   Type           Power      Damage    Failure   Level
 Apportation              Tloc           0%         N/A       52%         1
 Call Imp                 Summ           0%         N/A       67%         2
 Cigotuvi's Dreadful Rot  Necr/Alch/Air  0%         N/A       67%         2
 Jinxbite                 Hex            0%         N/A       67%         2
 Sublimation of Blood     Necr           0%         N/A       67%         2
 Dazzling Flash           Conj/Hex       0%         N/A       88%         3
 Inner Flame              Hex/Fire       0%         N/A       88%         3
 Summon Ice Beast         Ice/Summ       0%         N/A       88%         3
 Dispel Undead            Necr           0%         3d6       99%         4
 Flame Wave               Conj/Fire      0%         2d4       99%         4
 Martyr's Knell           Necr/Summ      0%         N/A       99%         4
 Passage of Golubria      Tloc           0%         N/A       99%         4
 Sticky Flame             Fire/Alch      0%         2d4       99%         4
 Alistair's Intoxication  Alch           0%         N/A       100%        5
 Silence                  Hex/Air        0%         N/A       100%        5
 Summon Mana Viper        Hex/Summ       0%         N/A       100%        5
 Starburst                Conj/Fire      0%         6d3       100%        6
 Haunt                    Necr/Summ      0%         N/A       100%        7
 Monstrous Menagerie      Summ           0%         N/A       100%        7
 Summon Hydra             Summ           0%         N/A       100%        7
 Borgnjor's Revivificati  Necr           0%         N/A       100%        8
 Lehudib's Crystal Spear  Conj/Erth      0%         10d2      100%        8
 Maxwell's Capacitive Co  Air            0%         ∞         100%        8
 Death's Door             Necr           0%         N/A       100%        9


Dungeon Overview and Level Annotations

Branches:
Dungeon (9/15)             Temple (0/1) D:4            Lair (0/5) D:8
  Sewer (visited)
    Orc: D:9-12

Altars:
Ashenzari
Cheibriados
Dithmenos
Elyvilon
Hepliaklqana
Kikubaaqudgha
Nemelex Xobeh
Okawaru
Trog
Uskayaw
Wu Jian
Xom
Yredelemnul
Zin

Shops:
D:3 ?   D:6 [

Annotations:
D:9 Erica, Psyche


Innate Abilities, Weirdness & Mutations

Your life essence is reduced to manifest your ancestor. (-10% HP)
You can wield a second weapon in your off-hand.
It takes a long time for you to wield or remove held weapons.
Your first few attacks do less damage.
You cannot equip rings or amulets.


Message History

The kobold hits you but does no damage.
Psyche gestures wildly while chanting.
Psyche flickers and vanishes!
You hit something with your +5 short sword of speed.
You hit something but do no damage.
You feel sick. Something hits you!
* * * LOW HITPOINT WARNING * * *
Something burns you.
* * * LOW HITPOINT WARNING * * *
You are constricted.
* * * LOW HITPOINT WARNING * * *
The kobold brigand hits you but does no damage.
The kobold hits you with a +0 short sword.
* * * LOW HITPOINT WARNING * * *
Something hits you.
* * * LOW HITPOINT WARNING * * *
You feel much better.
You feel sick. Something hits you. Space warps around you.
The kobold brigand hits you with a +4 short sword.
The kobold hits you with a +0 dagger.
You hear some strange, mumbled words.
A bolt of poison appears from out of thin air!
The bolt of poison hits you!
You are more poisoned.
* * * LOW HITPOINT WARNING * * *
You are constricted.
* * * LOW HITPOINT WARNING * * *
The kobold hits you but does no damage.
You feel better.
You hear some strange, mumbled words.
A swirling arc of seething chaos appears!
An arc of chaos appears from out of thin air!
The arc of chaos hits the kobold.
The kobold is unaffected.
The kobold brigand hits you but does no damage.
The kobold hits you but does no damage. Something hits you!
* * * LOW HITPOINT WARNING * * *
Something burns you.
* * * LOW HITPOINT WARNING * * *
You are constricted.
You die...
Hepliaklqana delivers you to your ancestors.

################
#...............
#####....$..........
#.K.................
#.K@.....##'#######.
......{{K)...#........#.
.............#........#.
.............#........#.
.....))).....#........#.
.............#........#.
..............#########.
........................
....#.#........


You could see a kobold brigand and 2 kobolds.

Vanquished Creatures
  A deep elf pyromancer (D:8)
  A cyclops (D:7)
  2 kobold demonologists (D:8)
  A rime drake (D:8)
  A troll (D:9)
  A hornet (D:9)
  A wyvern (D:9)
  Eustachio (D:6)
  A water moccasin (D:4)
  An orc warrior (D:9)
  A sky beast (D:7)
  2 ice beasts
  3 ogres (D:6)
  A wolf (D:8)
  A phantom (D:5)
  Blork the orc (D:4)
  A brain worm (Sewer)
  A wight (D:6)
  3 killer bees (D:9)
  3 howler monkeys
  An orc priest (D:6)
  A jelly (D:6)
  A sleepcap (D:7)
  2 iguanas (D:4)
  An orc wizard (D:8)
  6 gnolls
  5 adders
  2 river rats (Sewer)
  2 white imps
  A ribbon worm (D:3)
  9 orcs
  6 bats
  7 endoplasms
  3 giant cockroaches
  3 goblins
  5 hobgoblins
  2 jackals (D:2)
  2 quokkas
  7 ball pythons
  9 frilled lizards
  7 kobolds
  5 rats
  A butterfly (D:9)
116 creatures vanquished.

Vanquished Creatures (collateral kills)
  A troll (D:9)
  A hornet (D:8)
  A shadow (D:9)
  A vampire (D:8)
  6 yaks (D:8)
  Menkaure (D:4)
  A water moccasin (D:8)
  2 ice beasts
  2 black bears
  2 wolves (D:8)
  A kobold brigand (D:6)
  A brain worm (Sewer)
  A gnoll sergeant (D:8)
  2 scorpions (D:6)
  2 killer bees (D:9)
  A howler monkey (D:9)
  A hound (D:4)
  A bombardier beetle (D:4)
  2 orc priests
  Crazy Yiuf (D:4)
  A sleepcap (D:5)
  Ijyb (D:4)
  An iguana (D:7)
  An orc wizard (D:8)
  2 adders (D:4)
  3 river rats (Sewer)
  3 ribbon worms
  12 orcs
  An endoplasm (D:3)
  4 giant cockroaches
  2 goblins (D:4)
  A jackal (D:2)
  7 kobolds
  A quokka (D:2)
  2 ball pythons
  2 bats
  2 frilled lizards (Sewer)
  2 rats (D:3)
  A butterfly (D:9)
80 creatures vanquished.

Vanquished Creatures (others)
  A human (D:4)
  2 battlemagi
3 creatures vanquished.

Grand Total: 199 creatures vanquished

Notes
Turn   | Place    | Note
-------+----------+-------------------------------------------
     0 | D:1      | Sabo the Coglin Artificer began the quest for the Orb.
     0 | D:1      | Reached XP level 1. HP: 15/15 MP: 1/1
   139 | D:1      | Found a faded altar of an unknown god.
   209 | D:1      | Prayed at the altar of an unknown god.
   209 | D:1      | Became a worshipper of Hepliaklqana the Forgotten
   209 | D:1      | Reached * piety under Hepliaklqana
   340 | D:1      | Reached XP level 2. HP: 18/18 MP: 2/2
   394 | D:1      | Reached skill level 1 in Dodging
  1347 | D:2      | Reached XP level 3. HP: 23/23 MP: 3/3
  2177 | D:2      | Upgraded the game from 0.32-a0-814-g0968bab981 to
                  | 0.32-a0-818-gb728d0252e
  2296 | D:2      | Reached ** piety under Hepliaklqana
  2297 | D:2      | Remembered your ancestor Ubuj as a battlemage
  2356 | D:2      | Reached skill level 1 in Stealth
  2707 | D:2      | Reached XP level 4. HP: 24/28 MP: 4/4
  2838 | D:3      | Found a glowing drain.
  2865 | Sewer    | Entered a sewer
  2944 | Sewer    | Noticed a brain worm
  2947 | Sewer    | Killed a brain worm
  2948 | Sewer    | Reached skill level 1 in Short Blades
  2948 | Sewer    | Reached skill level 1 in Maces & Flails
  2948 | Sewer    | Reached XP level 5. HP: 33/33 MP: 5/5
  3248 | Sewer    | Reached XP level 6. HP: 39/39 MP: 6/6
  3986 | D:3      | Found Liadinwi's Magic Scroll Boutique.
  4005 | D:3      | Bought a scroll of identify for 22 gold pieces
  4005 | D:3      | Bought a scroll of identify for 22 gold pieces
  4540 | D:4      | Found a white marble altar of Elyvilon.
  4563 | D:4      | Found a staircase to the Ecumenical Temple.
  4688 | D:4      | Reached *** piety under Hepliaklqana
  4719 | D:4      | Noticed Menkaure
  4731 | D:4      | Killed Menkaure
  4732 | D:4      | Reached XP level 7. HP: 36/45 MP: 7/7
  4813 | D:4      | Found a bloodstained altar of Trog.
  4887 | D:4      | Found a glowing silver altar of Zin.
  5274 | D:4      | Noticed Blork the orc
  5282 | D:4      | Killed Blork the orc
  5361 | D:4      | Found an ancient bone altar of Kikubaaqudgha.
  5362 | D:4      | Noticed a human
  5362 | D:4      | Noticed Ijyb
  5367 | D:4      | Killed Ijyb
  5367 | D:4      | Killed a human
  5604 | D:4      | Found a runed translucent door.
  5605 | D:4      | Noticed Crazy Yiuf
  5612 | D:4      | Killed Crazy Yiuf
  5613 | D:4      | Reached skill level 5 in Armour
  5802 | D:5      | Entered Level 5 of the Dungeon
  6045 | D:5      | Reached XP level 8. HP: 47/52 MP: 8/8
  6546 | D:5      | Reached **** piety under Hepliaklqana
  6792 | D:5      | Found an iron altar of Okawaru.
  6803 | D:5      | Found a basalt altar of Yredelemnul.
  6807 | D:5      | Found a shadowy altar of Dithmenos.
  6809 | D:5      | Found an ornate altar of the Wu Jian Council.
  6817 | D:5      | Found a sparkling altar of Nemelex Xobeh.
  7568 | D:6      | Noticed Eustachio
  7574 | D:6      | Killed Eustachio
  7757 | D:6      | Reached skill level 5 in Short Blades
  7891 | D:6      | Found a snail-covered altar of Cheibriados.
  7975 | D:6      | Found Teukore's Armour Shop.
  7983 | D:6      | Bought the +0 helmet of Yredelemnul's Hope {-Cast Rampage
                  | rC+ rCorr} for 171 gold pieces
  8233 | D:6      | Reached XP level 9. HP: 58/58 MP: 9/9
  8815 | D:7      | Found a broken altar of Ashenzari.
  8942 | D:7      | Noticed a cyclops
  8951 | D:7      | Killed a cyclops
  9629 | D:8      | Noticed a hornet
  9638 | D:8      | Killed a hornet
  9760 | D:8      | Noticed a deep elf pyromancer
  9760 | D:8      | Noticed a kobold demonologist
  9768 | D:8      | Killed a deep elf pyromancer
  9797 | D:8      | Reached XP level 10. HP: 65/65 MP: 10/10
  9925 | D:8      | Noticed a kobold demonologist
  9933 | D:8      | Killed a kobold demonologist
 10075 | D:8      | Noticed a soul eater
 10078 | D:8      | Killed a kobold demonologist
 10599 | D:8      | Found a staircase to the Lair.
 10663 | D:8      | Reached skill level 5 in Fighting
 10669 | D:8      | Reached skill level 5 in Evocations
 10675 | D:8      | Reached skill level 5 in Stealth
 10935 | D:8      | Reached ***** piety under Hepliaklqana
 10952 | D:8      | Found a hide-covered altar of Uskayaw.
 11064 | D:9      | Found a shimmering altar of Xom.
 11469 | D:9      | Reached XP level 11. HP: 72/72 MP: 11/11
 11569 | D:9      | Reached skill level 1 in Polearms
 12087 | D:9      | Noticed Erica
 12089 | D:9      | Noticed Psyche
 12101 | D:9      | HP: 1/72 [something (5)]
 12101 | D:9      | Constricted to death by Erica

Illustrated notes

Levels and vault maps discovered:
D:1:      wander_arrival_chamber, layout_basic, chequers_ecumenical_altar_island
D:2:      layout_basic
D:3:      layout_rooms, portal_sewer_entry_a, serial_shops,
          nicolae_diamond_shop, minmay_box_of_dots
D:4:      layout_gridville, zin_treasury, tgw_kikubaaqudgha,
          trog_three_pillars_becter, lemuel_doored_altar,
          minmay_temple_entry_glass, minivault_24, nrook_loot_triangle,
          serial_bayou_lagoon_a, kennysheep_generic_room_6,
          uniq_crazy_yiuf_cottage, uniq_blork_the_orc, uniq_ijyb, uniq_menkaure
D:5:      minmay_evil_eye, layout_layer_cave,
          nicolae_overflow_hallway_of_the_gods
D:6:      minmay_angry_zag, layout_cave_pools,
          mainiacjoe_overflow_concentric_impassable, serial_shops,
          nicolae_shop_rolling_square, uniq_eustachio
D:7:      layout_cave_pools, ashenzari_altar_1, chequers_serial_rivers_marsh
D:8:      layout_cave_pools, nicolae_uskayaw_suspiria, hellmonk_lair_entry_icy,
          serial_library_hellmonk_octagon
D:9:      layout_irregular_city, xom_butterflies, serial_glass, glass_columns_a,
          glass_columns_a, uniq_psyche, uniq_erica

Skill      XL: |  1  2  3  4  5  6  7  8  9 10 11 |
---------------+----------------------------------+-----
Armour         | 2 3 4 5 6 7 8 |  8.9
Dodging        | 1 2 3 4 |  4.3
Stealth        | 1 2 3 4 5 |  5.1
Short Blades   | 1 2 3 5 6 8 |  8.7
Maces & Flails | 1 |  1.8
Fighting       | 2 3 4 5 |  5.5
Evocations     | 5 |  5.1
Polearms       | 1 |  1.1

Action                     |  1- 3 |  4- 6 |  7- 9 | 10-12 || total
---------------------------+-------+-------+-------+-------++-------
  Melee: Dagger            |    78 |   131 |   196 |    84 ||   489
         Club              |    31 |       |       |       ||    31
         Mace              |    28 |       |       |       ||    28
         Short sword       |       |       |    43 |   118 ||   161
         Trident           |       |       |       |    32 ||    32
 Invoke: Ancestor Life: Ba |     1 |       |       |       ||     1
  Evoke: Wand              |       |       |       |     4 ||     4
    Use: Scroll            |       |     8 |     8 |       ||    16
         Potion            |       |       |       |     2 ||     2
   Stab: Distracted        |     1 |       |     2 |     1 ||     4
         Sleeping          |       |       |     1 |     1 ||     2
 Armour: Ring mail         |    59 |    30 |    60 |   129 ||   278
         Leather armour    |     2 |       |       |       ||     2
         Scale mail        |       |     5 |       |       ||     5
  Dodge: Dodged            |    45 |    36 |    45 |    71 ||   197

Table legend: (Time is in decaauts)
 A = Elapsed time spent in this place.
 B = Non-inter-level travel time spent in this place.
 C = Inter-level travel time spent in this place.
 D = Time resting spent in this place.
 E = Time spent auto-exploring this place.
 F = Levels seen in this place.
 G = Mean time per level.
                   A        B        C        D        E       F      G
               +--------+--------+--------+--------+--------+-----+--------+
         Total |  12135 |  12135 |      0 |   3515 |      0 |  10 | 1213.5 |
       Dungeon |  11185 |  11185 |      0 |   2973 |      0 |   9 | 1242.8 |
         Sewer |    950 |    950 |      0 |    542 |      0 |   1 |  950.0 |
               +--------+--------+--------+--------+--------+-----+--------+

Top non-repeatable levels by time:
     D:5: 1761 daAuts
     D:2: 1601 daAuts
     D:4: 1591 daAuts
     D:8: 1515 daAuts
     D:1: 1250 daAuts
     D:9: 1026 daAuts
     D:7: 985 daAuts
   Sewer: 950 daAuts
     D:6: 936 daAuts
     D:3: 517 daAuts
